 Dungeon Crawl Stone Soup version 0.28-a0-1182-g381e24db82 (webtiles) character file.

Game seed: 1360969126896449999

488 ytrimaz the Chopper (level 6, 0/49 HPs)
             Began as a Demonspawn Fighter on Dec 16, 2021.
             Slain by Duvessa (2 damage)
             ... on level 5 of the Dungeon.
             The game lasted 00:03:27 (4736 turns).

ytrimaz the Chopper (Demonspawn Fighter)            Turns: 4736, Time: 00:03:28

Health: 0/49       AC: 12    Str: 18    XL:     6   Next: 90%
Magic:  6/6        EV: 13    Int:  9    God:
Gold:   266        SH:  5    Dex: 13    Spells: 5/5 levels left

rFire   . . .      SeeInvis .   a - +0 war axe
rCold   . . .      Faith    .   c - +0 buckler
rNeg    . . .      Spirit   .   b - +0 scale mail
rPois   .          Reflect  .   e - +1 helmet
rElec   .          Harm     .   (no cloak)
rCorr   .          Rampage  .   (no gloves)
Will    .....                   (no boots)
Stlth   ..........              (no amulet)
HPRegen 0.16/turn               s - +4 ring of evasion
MPRegen 0.10/turn               (no ring)

@: mighty, lethally poisoned (0 -> -36), studying Fighting
A: slimy green scales 2, powered by pain 2
a: no special abilities


You were on level 5 of the Dungeon.
You visited 1 branch of the dungeon, and saw 5 of its levels.

You collected 266 gold pieces.

Inventory:

Hand Weapons
 a - a +0 war axe (weapon)
Armour
 b - a +0 scale mail (worn)
 c - a +0 buckler (worn)
 e - a +1 helmet (worn)
 o - a +0 tower shield
Jewellery
 k - an amulet of faith
 s - a +4 ring of evasion (left hand)
Scrolls
 l - a scroll of blinking
Potions
 g - 2 potions of heal wounds
 h - a potion of flight {unknown}
 i - 2 potions of attraction {unknown}
 j - a potion of degeneration {unknown}
 m - a potion of brilliance {unknown}
 n - a potion of resistance {unknown}


   Skills:
 + Level 4.7 Fighting
 + Level 4.9 Axes
 + Level 4.0 Armour
 - Level 0.3 Dodging
 - Level 0.1 Stealth
 + Level 3.4 Shields


You had 5 spell levels left.
You didn't know any spells.
Your spell library contained the following spells:

 Spells                   Type           Power      Damage    Failure   Level
 Animate Skeleton         Necr           0%         N/A       80%         1
 Pain                     Necr           0%         1d4       80%         1
 Passwall                 Tmut/Erth      0%         N/A       90%         2
 Swiftness                Air            0%         N/A       99%         3
 Vampiric Draining        Necr           0%         2d6       99%         3
 Summon Ice Beast         Ice/Summ       0%         N/A       100%        4
 Summon Mana Viper        Hex/Summ       0%         N/A       100%        5
 Monstrous Menagerie      Summ           0%         N/A       100%        7


Dungeon Overview and Level Annotations

Branches:
Dungeon (5/15)
 Temple: D:4-7

Altars:

Shops:
D:2 (

Annotations:
D:5 Dowan, Duvessa


Innate Abilities, Weirdness & Mutations

You are mostly covered in slimy green scales. (AC +3)
You sometimes gain power by taking damage.


Message History

You closely miss Duvessa.
Duvessa is heavily wounded.
You slash Dowan!
You feel very sick. Duvessa closely misses you.
Dowan hits you with a +0 dagger.
Duvessa hits you with a +1 short sword of venom.
You are more poisoned.
You slash Duvessa!
Duvessa is severely wounded.
You closely miss Dowan.
You feel very sick.
Duvessa hits you with a +1 short sword of venom.
You are lethally poisoned!
Dowan casts a spell at you. The puff of flame misses you. Duvessa misses you.
Dowan misses you.
You feel better. Duvessa hits you but does no damage.
You are poisoned.
Dowan hits you but does no damage.
Unknown command.
You barely miss Duvessa.
Duvessa is severely wounded.
You closely miss Dowan.
You feel very sick.
Duvessa hits you with a +1 short sword of venom!
You are more poisoned.
Duvessa hits you with a +1 short sword of venom.
* * * LOW HITPOINT WARNING * * *
You are lethally poisoned!
Dowan hisses, "Insulting my beauty only makes me fight harder!"
Dowan misses you.
You barely miss Duvessa.
Duvessa is severely wounded.
You hit Dowan.
* * * LOW HITPOINT WARNING * * *
You feel very sick.
Duvessa hits you with a +1 short sword of venom.
* * * LOW HITPOINT WARNING * * *
You are more poisoned.
Duvessa hits you with a +1 short sword of venom.
You die...

###############
#......#......######
#......'......#....#
##...e@#......#....#
#....e.#......'....#
##.....#......##+###
#############.....#
#.....# #.....#
#.....# ###.....####
#..#####....


You could see Duvessa (fast) and Dowan (strong).

Vanquished Creatures
  Menkaure (D:5)
  A necrophage (D:4)
  A scorpion (D:5)
  A hound (D:5)
  A bullfrog skeleton (D:4)
  An orc wizard (D:5)
  3 adders
  A howler monkey skeleton (D:4)
  A worm (D:2)
  4 dart slugs (D:1)
  10 orcs
  10 ball pythons
  12 endoplasms
  5 giant cockroaches
  5 goblins
  8 jackals
  4 kobolds
  2 quokkas (D:3)
  5 bats
  7 frilled lizards
  4 rats
87 creatures vanquished.

Notes
Turn   | Place    | Note
-------+----------+-------------------------------------------
     0 | D:1      | ytrimaz the Demonspawn Fighter began the quest for the Orb.
     0 | D:1      | Reached XP level 1. HP: 18/18 MP: 1/1
   281 | D:1      | Gained mutation: You are partially covered in slimy green
                  | scales. (AC +2) [demonic ancestry]
   281 | D:1      | Reached XP level 2. HP: 18/24 MP: 2/2
   631 | D:1      | Gained mutation: You sometimes gain a little power by
                  | taking damage. [demonic ancestry]
   631 | D:1      | Reached XP level 3. HP: 29/29 MP: 3/3
  1180 | D:2      | Found Cuock's Weapon Boutique.
  1557 | D:2      | Gained mutation: You are mostly covered in slimy green
                  | scales. (AC +3) [demonic ancestry]
  1557 | D:2      | Reached XP level 4. HP: 24/36 MP: 4/4
  2023 | D:2      | Found a faded altar of an unknown god.
  2346 | D:3      | Identified a scroll of acquirement
  2346 | D:3      | Acquired a manual of Fighting
  3353 | D:4      | Gained mutation: You sometimes gain power by taking damage.
                  | [demonic ancestry]
  3353 | D:4      | Reached XP level 5. HP: 33/42 MP: 5/5
  3908 | D:4      | Noticed a necrophage
  3914 | D:4      | Killed a necrophage
  4127 | D:5      | Entered Level 5 of the Dungeon
  4149 | D:5      | Noticed Menkaure
  4155 | D:5      | Killed Menkaure
  4156 | D:5      | Reached XP level 6. HP: 32/49 MP: 6/6
  4723 | D:5      | Noticed Duvessa
  4723 | D:5      | Noticed Dowan
  4736 | D:5      | HP: 2/49 [Duvessa (6)]
  4736 | D:5      | Slain by Duvessa

Illustrated notes

Levels and vault maps discovered:
D:1:      dpeg_arrival_refuge, layout_loops_ring,
          chequers_serial_rivers_micro_a, minmay_misc_feat_iff
D:2:      layout_basic, serial_shops, nicolae_shop_bloodbath_and_beyond,
          shapermc_ecumenical_altar_mp_urbaneastern
D:3:      layout_basic
D:4:      layout_basic, st_stairs_3
D:5:      layout_gridville, minmay_crystal_water, feat_on_display, uniq_duvessa,
          uniq_grinder, uniq_menkaure

Skill      XL: |  1  2  3  4  5  6 |
---------------+-------------------+-----
Axes           | 2 3 4 |  4.9
Shields        | 3 |  3.4
Armour         | 3 4 |  4.0
Fighting       | 4 |  4.7
Dodging        | |  0.3
Stealth        | |  0.1

Action                   |  1- 3 |  4- 6 || total
-------------------------+-------+-------++-------
Melee: War axe           |   114 |   130 ||   244
  Use: Scroll            |     4 |     8 ||    12
       Potion            |       |     3 ||     3
Armor: Scale mail        |    55 |    89 ||   144
Dodge: Dodged            |    73 |    67 ||   140
Block: Buckler           |    29 |    30 ||    59

Table legend: (Time is in decaauts)
 A = Elapsed time spent in this place.
 B = Non-inter-level travel time spent in this place.
 C = Inter-level travel time spent in this place.
 D = Time resting spent in this place.
 E = Time spent auto-exploring this place.
 F = Levels seen in this place.
 G = Mean time per level.
                   A        B        C        D        E       F      G
               +--------+--------+--------+--------+--------+-----+--------+
         Total |   4827 |   4731 |     96 |      0 |   3975 |   5 |  965.4 |
       Dungeon |   4827 |   4731 |     96 |      0 |   3975 |   5 |  965.4 |
               +--------+--------+--------+--------+--------+-----+--------+

Top non-repeatable levels by time:
     D:1: 1102 daAuts
     D:3: 1068 daAuts
     D:4: 1030 daAuts
     D:2: 1005 daAuts
     D:5: 621 daAuts
